 Dungeon Crawl Stone Soup version 0.30-a0-304-gdc4b735fe1 (webtiles) character file.

Game seed: 9481002783270254885

6 lonewolfV2 the Slasher (level 1, 0/16 HPs)
             Began as a Demonspawn Gladiator on Oct 20, 2022.
             Slain by a jackal (3 damage)
             ... on level 1 of the Dungeon.
             The game lasted 00:00:17 (92 turns).

lonewolfV2 the Slasher (Demonspawn Gladiator)         Turns: 92, Time: 00:00:17

Health: 0/16       AC:  4    Str: 14    XL:     1   Next: 75%
Magic:  1/1        EV:  9    Int:  9    God:
Gold:   15         SH:  0    Dex: 14    Spells: 0/0 levels left

rFire   . . .      SeeInvis .    a - +0 long sword
rCold   . . .      Faith    .    (no shield)
rNeg    . . .      Spirit   .    b - +0 leather armour
rPois   .          Reflect  .    c - +0 helmet
rElec   .          Harm     .    (no cloak)
rCorr   .          Rampage  .    (no gloves)
Will    .....                    (no boots)
Stlth   +.........               (no amulet)
HPRegen 0.22/turn                (no ring)
MPRegen 0.07/turn                (no ring)

@: constricted
A: no striking features
a: no special abilities


You were on level 1 of the Dungeon.
You visited 1 branch of the dungeon, and saw 1 of its levels.

You collected 15 gold pieces.

Inventory:

Hand Weapons
 a - a +0 long sword (weapon)
Missiles
 d - 3 throwing nets (quivered)
 e - a javelin
Armour
 b - a +0 leather armour (worn)
 c - a +0 helmet (worn)
Scrolls
 f - a scroll of enchant weapon {unknown}
 g - a scroll of teleportation {unknown}


   Skills:
 + Level 2.0 Fighting
 + Level 2.8 Long Blades
 + Level 1.8 Throwing
 + Level 2.8 Dodging


You couldn't memorise any spells.
You didn't know any spells.
Your spell library was empty.

Dungeon Overview and Level Annotations

Branches:
Dungeon (1/15)

Altars:


Message History

The kobold hits you with a +0 short sword.
The jackal bites you but does no damage.
The jackal barely misses you. The kobold barely misses you.
You miss the kobold. Your punch misses the kobold.
The jackal bites you but does no damage.
The jackal bites you. The jackal closely misses you. The jackal bites you.
The jackal closely misses you.
The kobold hits you with a +0 short sword.
The jackal barely misses you.
You slash the kobold!
You kill the kobold!
The jackal bites you. The jackal closely misses you.
The jackal barely misses you. The jackal closely misses you.
The jackal bites you but does no damage.
The jackal misses you. The jackal closely misses you.
You completely miss the jackal.
The jackal bites you but does no damage.
The jackal barely misses you.
The jackal bites you but does no damage.
The jackal closely misses you. The jackal bites you.
The jackal completely misses you.
The jackal bites you but does no damage. x2
You hit the jackal.
The jackal is lightly wounded.
The jackal bites you but does no damage.
The jackal closely misses you. The jackal misses you. The jackal bites you.
The jackal barely misses you. The jackal closely misses you.
You slash the jackal!
You kill the jackal!
The jackal closely misses you. x2
The jackal bites you but does no damage. x2
The ball python bites you. The ball python grabs you.
The ball python constricts you.
* * * LOW HITPOINT WARNING * * *
You hit the jackal.
The jackal is almost dead.
The jackal bites you.
* * * LOW HITPOINT WARNING * * *
The jackal bites you.
You die...

....##...#.........#
....++...+.........+
....##...#.........#
....##...#....†....#
.#####.............####.
.# #....####..........
## #....# #..........
#....# #...h...... #
#....# #..@hS..... #
#....# #.#Sh...... #
#....# #.#........ ..
###### #.#.#####.. ...
#.#.!.$.... ..
#.#.###.#.. #...( .#..
#.### #.#


You could see 3 jackals and 2 ball pythons.

Vanquished Creatures
  A ball python (D:1)
  A hobgoblin (D:1)
  A jackal (D:1)
  A kobold (D:1)
  A rat (D:1)
5 creatures vanquished.

Notes
Turn   | Place    | Note
-------+----------+-------------------------------------------
     0 | D:1      | lonewolfV2 the Demonspawn Gladiator began the quest for the
                  | Orb.
     0 | D:1      | Reached XP level 1. HP: 16/16 MP: 1/1
    92 | D:1      | Slain by a jackal

Illustrated notes

Levels and vault maps discovered:
D:1:      spicycebolla_green_bress_n_ham, layout_basic, serial_shops, shop,
          minmay_pentomino_o4

Action                   || total
-------------------------++-------
Melee: Long sword        ||    17
Armor: Leather armour    ||    15
Dodge: Dodged            ||    36

Table legend: (Time is in decaauts)
 A = Elapsed time spent in this place.
 B = Non-inter-level travel time spent in this place.
 C = Inter-level travel time spent in this place.
 D = Time resting spent in this place.
 E = Time spent auto-exploring this place.
 F = Levels seen in this place.
 G = Mean time per level.
                   A        B        C        D        E       F      G
               +--------+--------+--------+--------+--------+-----+--------+
         Total |     96 |     96 |      0 |      0 |     46 |   1 |   96.0 |
       Dungeon |     96 |     96 |      0 |      0 |     46 |   1 |   96.0 |
               +--------+--------+--------+--------+--------+-----+--------+

Top non-repeatable levels by time:
     D:1: 96 daAuts
